 Dungeon Crawl Stone Soup version 0.29.1-2-gbd0b4ee654 (webtiles) character file.

Game seed: 16482758250617297851

161 DungeonMaster the Trooper (level 6, 0/44 (53) HPs)
             Began as a Meteoran Cinder Acolyte on Nov 9, 2022.
             Was a Priest of Ignis.
             Succumbed to a gnoll's poison
             ... on level 4 of the Dungeon.
             The game lasted 00:10:50 (1958 turns).

DungeonMaster the Trooper (Meteoran Cinder Acolyte) Turns: 1958, Time: 00:10:50

HP:   0/44 (53)     AC: 18    Str: 16    XL:     6   Next: 1%
MP:   10/10         EV: 11    Int: 16    God:    Ignis [***...]
Gold: 154           SH:  0    Dex: 11    Spells: 9/9 levels left

rFire   + . .      SeeInvis +   a - -1 mace (flame)
rCold   . . .      Faith    .   (no shield)
rNeg    . . .      Spirit   .   m - +0 ring mail
rPois   .          Reflect  .   d - +2 helmet {SInv}
rElec   .          Harm     .   k - +0 cloak
rCorr   .          Rampage  .   (no gloves)
Will    ++...                   f - +1 pair of boots
Stlth   ..........              (no amulet)
HPRegen 0.14/turn               e - ring of willpower
MPRegen 0.12/turn               g - ring of willpower

@: lethally poisoned (0 -> -4), fiery-armoured, glowing, heavily drained
A: sense surroundings 1, otherworldly, glowing, explore regen
a: Renounce Religion, Fiery Armour, Foxfire Swarm, Rising Flame


You were on level 4 of the Dungeon.
You worshipped Ignis.
Ignis was most pleased with you.
You visited 1 branch of the dungeon, and saw 4 of its levels.

You collected 154 gold pieces.

Inventory:

Hand Weapons
 a - a -1 mace of flaming (weapon)
 w - a +3 sling
Missiles
 j - 6 poisoned darts
Armour
 d - a +2 helmet of see invisible (worn)
 f - a +1 pair of boots (worn)
 i - a +0 chain mail
 k - a +0 cloak (worn)
 m - a +0 ring mail (worn)
Jewellery
 e - a ring of willpower (left hand)
 g - a ring of willpower (right hand)
Scrolls
 l - a scroll of teleportation
Potions
 b - a potion of brilliance
 c - 3 potions of flight
 h - 2 potions of cancellation
 n - a potion of heal wounds {unknown}
 p - a potion of curing


   Skills:
 * Level 4.5 Fighting
 - Level 4.2 Maces & Flails
 - Level 1.5 Ranged Weapons
 * Level 1.8 Armour
 * Level 2.4 Dodging
 * Level 2.3 Spellcasting
 - Level 4.0 Fire Magic


You had 9 spell levels left.
You didn't know any spells.
Your spell library contained the following spells:

 Spells                   Type           Power      Damage    Failure   Level
 Scorch                   Fire           28%        2d6       11%         2


Dungeon Overview and Level Annotations

Branches:
Dungeon (4/15) Zot: 799
 Temple: D:4-7

Altars:
Ashenzari
Fedhas
Qazlal


Innate Abilities, Weirdness & Mutations

You passively map a small area around you.
You are easily found by Zot.
You glow in the dark.
You regain HP and MP as you explore.


Message History

The gnoll closely misses you.
You barely miss the gnoll.
The gnoll is severely wounded.
You feel sick.
The gnoll hits you with a +2 flail of venom.
* * * LOW HITPOINT WARNING * * *
You are lethally poisoned!
The gnoll is burned by your cloak of flames.
You kill the gnoll!
The orc closely misses you.
You have reached level 6!
You feel stronger.
Activating: Foxfire Swarm
Press: ? - help, Dir - look around, f - activate Flames leap up around you!
* * * LOW HITPOINT WARNING * * *
You feel very sick. The orc closely misses you.
Your foxfire dissipates!
* * * LOW HITPOINT WARNING * * *
You feel sick.
The foxfire hits the orc.
The orc is severely wounded.
The foxfire hits the orc.
You kill the orc!
The foxfire hits the hound but does no damage.
* * * LOW HITPOINT WARNING * * *
You feel sick.
The foxfire hits the hound.
The hound is lightly wounded.
Activating: Foxfire Swarm
Press: ? - help, Dir - look around, f - activate Flames leap up around you!
* * * LOW HITPOINT WARNING * * *
You feel sick. The hound bites you.
* * * LOW HITPOINT WARNING * * *
The hound is burned by your cloak of flames.
The hound is moderately wounded.
The foxfire hits the gnoll.
The gnoll is heavily wounded.
Your foxfire dissipates!
You die...

** ,* ##*
,*##.######
.##.......########
..<.....)...ggh.v###
#.##.######.##vv@v.#
*,*#,* #.##vvvv.#
*,**,** #........#
*,*,,,** ####.....#
*,,***,******#.....#
*,,* *,,,,,,,#.#...#
**,***,*****,#.###.#
,,,,,,** #.#.....#
,****** #.###...#


You could see a hound (ally target) and 2 gnolls.

Vanquished Creatures
  5 gnolls
  4 adders
  2 dart slugs
  An orc (D:4)
  5 ball pythons
  2 bats
  2 endoplasms
  2 giant cockroaches
  10 goblins
  5 hobgoblins
  7 jackals
  7 kobolds
  5 quokkas
  3 frilled lizards
  9 rats
69 creatures vanquished.

Vanquished Creatures (others)
  4 foxfires (D:4)
  9 plants (D:2)
13 creatures vanquished.

Grand Total: 82 creatures vanquished

Notes
Turn   | Place    | Note
-------+----------+-------------------------------------------
     0 | D:1      | DungeonMaster the Meteoran Cinder Acolyte began the quest
                  | for the Orb.
     0 | D:1      | Reached XP level 1. HP: 19/19 MP: 3/3
   258 | D:1      | Reached XP level 2. HP: 26/26 MP: 5/5
   264 | D:1      | Found a faded altar of an unknown god.
   299 | D:1      | Identified a scroll of acquirement
   303 | D:1      | Acquired a +0 helmet of see invisible
   495 | D:1      | Glimpsed the power of Zot.
   542 | D:1      | Glimpsed the power of Zot.
   582 | D:1      | Glimpsed the power of Zot.
   592 | D:1      | Touched by the power of Zot.
   686 | D:1      | Glimpsed the power of Zot.
   729 | D:1      | Reached XP level 3. HP: 24/24 MP: 6/6
   734 | D:1      | Glimpsed the power of Zot.
   847 | D:2      | Reached skill level 1 in Ranged Weapons
  1152 | D:2      | Reached XP level 4. HP: 34/36 MP: 7/7
  1168 | D:2      | Reached skill level 1 in Dodging
  1272 | D:1      | Glimpsed the power of Zot.
  1291 | D:1      | Reached skill level 1 in Armour
  1319 | D:1      | Glimpsed the power of Zot.
  1359 | D:1      | Glimpsed the power of Zot.
  1368 | D:2      | Touched by the power of Zot.
  1373 | D:2      | Reached XP level 5. HP: 18/30 MP: 8/8
  1446 | D:2      | Found a stormy altar of Qazlal.
  1466 | D:2      | Glimpsed the power of Zot.
  1559 | D:3      | Found a broken altar of Ashenzari.
  1561 | D:3      | Found a blossoming altar of Fedhas.
  1954 | D:4      | Reached XP level 6. HP: 11/44 MP: 10/10
  1957 | D:4      | HP: 1/44 [hound (3)]
  1958 | D:4      | Succumbed to a gnoll's poison

Illustrated notes

Levels and vault maps discovered:
D:1:      dpeg_arrival_pits, layout_loops_cross,
          hellmonk_ecumenical_altar_lost_god
D:2:      layout_rooms, serial_forest, infiniplex_forest_lined_4_way,
          infiniplex_forest_clump_tiny, infiniplex_forest_straight_1,
          infiniplex_forest_lined_2, infiniplex_forest_clump_tiny,
          infiniplex_forest_clump_medium, infiniplex_forest_clump_small,
          infiniplex_forest_end_2, infiniplex_forest_straight_3, basic_altar
D:3:      layout_basic, grunt_temple_overflow_open,
          mainiacjoe_overflow_tiny_flanked, elyvilon_altar_3, serial_glass,
          glass_columns_c, glass_columns_a, glass_columns_b, glass_columns_a,
          glass_columns_c, glass_columns_b, glass_columns_a, glass_columns_b
D:4:      layout_loops_ring, jmf_multi_god_temple2,
          chequers_serial_rivers_micro_e, minmay_misc_feat_four_crosses

Skill      XL: |  1  2  3  4  5 |
---------------+----------------+-----
Fire Magic     | 4 |  4.0
Ranged Weapons | 1 |  1.5
Dodging        | 1 2 |  2.4
Fighting       | 4 |  4.5
Armour         | 1 |  1.8
Spellcasting   | 2 |  2.3
Maces & Flails | |  4.2

Action                   |  1- 3 |  4- 6 || total
-------------------------+-------+-------++-------
Melee: Mace              |    40 |   103 ||   143
 Fire: Sling             |    43 |       ||    43
Invok: Fiery Armour      |       |     3 ||     3
       Foxfire Swarm     |       |     2 ||     2
  Use: Scroll            |     6 |     8 ||    14
Armor: Robe              |    40 |       ||    40
       Ring mail         |     2 |    72 ||    74
Dodge: Dodged            |    35 |    65 ||   100
